 Dungeon Sprint DCSS version 0.19-a0-172-g3b1235c (webtiles) character file.

36928 Kidiri the Warrior (level 13, -11/137 HPs)
             Began as a Hill Orc Fighter on May 22, 2016.
             Was the Champion of Beogh.
             Killed from afar by a frost giant (49 damage)
             ... with a bolt of cold
             ... in the Dungeon (Sprint IX: "|||||||||||||||||||||||||||||").
             The game lasted 00:17:24 (3882 turns).

Kidiri the Warrior (Hill Orc Fighter)               Turns: 3882, Time: 00:17:25

Health: -11/137    AC: 31    Str: 24    XL:     13   Next: 93%
Magic:  8/23       EV: 11    Int: 11    God:    Beogh [******]
Gold:   1630       SH: 25    Dex: 13    Spells: 0 memorised, 12 levels left

rFire  + + .     SeeInvis .     q - +6 scimitar of Flaming Death {sticky flame, rPois rF++ rC- MR+}
rCold  x . .     Gourm    .     E - +2 plate armour {MR+}
rNeg   . . .     Faith    .     D - +1 large shield
rPois  +         Spirit   .     (helmet restricted)
rElec  .         Dismiss  .     A - +2 cloak {MR+}
rCorr  .         Reflect  .     G - +1 pair of gloves
SustAt .         Harm     .     (no boots)
MR     +++..     NoTele   +     (no amulet)
Stlth  ..........               b - +3 ring of dexterity
                                a - +3 ring of intelligence

@: extremely resistant to hostile enchantments, extremely unstealthy
A: walk on water, horns 1, yellow scales 1, screaming 1, wild magic 1
a: Smiting, Recall Orcish Followers, Give Item to Named Follower, Resurrection,
Renounce Religion


You were in the Dungeon.
You worshipped Beogh.
Beogh was exalted by your worship.
You were full.

You visited 1 branch You collected 1630 gold pieces.

Inventory:

Hand Weapons
 q - the +6 scimitar of Flaming Death (weapon) {sticky flame, rPois rF++ rC- MR+}
   (You found it in the Dungeon)

   It has been specially enchanted to burn those struck by it, causing extra
   injury to most foes and up to half again as much damage against particularly
   susceptible opponents.
   Big, fiery blades are also staple armaments of hydra-hunters.
   It greatly protects you from fire.
   It makes you vulnerable to cold.
   It protects you from poison.
   It affects your resistance to hostile enchantments.
Armour
 A - a +2 cloak of magic resistance (worn)
 D - a +1 large shield (worn)
 E - a +2 plate armour of magic resistance (worn)
 G - a +1 pair of gloves (worn)
Jewellery
 a - a +3 ring of intelligence (left hand)
 b - a +3 ring of dexterity (right hand)
 u - an uncursed ring of ice
 B - an uncursed ring of protection from fire
Wands
 p - a wand of iceblast (7/15)
 y - a wand of iceblast (7/15)
Scrolls
 k - 3 scrolls of blinking
 n - 6 scrolls of remove curse
 o - 2 scrolls of amnesia
 s - a scroll of fog
 t - 2 scrolls of enchant weapon
 v - a scroll of holy word
 I - a scroll of recharging
 K - a scroll of fear
Potions
 d - 4 potions of might
 e - 6 potions of curing
 h - 2 potions of haste
 i - 4 potions of magic
 j - 2 potions of berserk rage
 l - a potion of invisibility
 m - a potion of brilliance
 z - a potion of cancellation {unknown}
Comestibles
 f - 13 bread rations
 w - 23 fruits
 x - 12 meat rations


   Skills:
 * Level 19.0 Fighting
 * Level 17.6 Long Blades
 * Level 17.7 Armour
 + Level 10.3 Dodging
 * Level 17.7 Shields
 + Level 14.4 Invocations
 + Level 2.8 Evocations


You had 12 spell levels left.
You didn't know any spells.

Dungeon Overview and Level Annotations

Branches:
Dungeon (1/1)

Altars:
Cheibriados
Dithmenos
Elyvilon
Fedhas
Gozag
Kikubaaqudgha
Makhleb
Nemelex Xobeh
Okawaru
Pakellas
Qazlal
Ru
Sif Muna
Trog
Vehumet
Xom
Yredelemnul
Zin
The Shining One
Beogh
Jiyva
Lugonu

Shops:
D %:}(


Innate Abilities, Weirdness & Mutations

You can walk on water.
You have a pair of small horns on your head.
You are partially covered in yellow scales (AC +2).
You occasionally shout uncontrollably at your foes.
Your spells are a little harder to cast, but a little more powerful.


Message History

The fireball engulfs the fire giant.
The fire giant resists.
A deep troll shaman comes into view.
The deep troll shaman shouts!
Aiming: Smiting
Press: ? - help, Dir - move target cursor, f/p - fire giant Smite: a fire giant, wielding a great sword of flaming (almost dead)
You smite the fire giant!
You kill the fire giant!
Beogh accepts your kill.
Your Fighting skill increases to level 19!
Bladwarg looks more experienced.
You feel slightly less full.
Unknown command.
You slash the frost giant! You burn the frost giant.
The frost giant is covered in liquid flames!
The frost giant is lightly wounded.
Your ice devil disappears in a puff of smoke!
The frost giant points at you and mumbles some strange words.
The bolt of cold hits you!
You feel a terrible chill!
You die... oo..'...=.)))))))oooooo.[[[....oo ▓▓▓▓▓▓▓▓▓▓▓▓▓▓▓▓▓▓▓▓▓▓▓▓▓▓▓▓▓▓▓▓▓ o.o.ooooooooooooooooooooooooooooo ▓▓▓▓▓▓▓▓▓▓▓▓▓▓▓▓▓▓▓▓▓▓▓▓▓▓▓▓▓▓♣♣♣ o....oooo.o((oo..oo.%....%.oo)')% ▓▓▓▓▓▓▓▓▓▓▓▓▓▓▓▓▓▓▓▓▓▓▓▓▓▓▓▓▓▓♣♣♣ .oo.ooooooooooooooooooooooooooooo ▓▓▓▓▓▓▓▓▓▓▓▓▓▓▓▓▓▓▓▓▓▓▓▓▓▓▓▓▓▓▓▓▓ oooo.oo..ooo(oo§@C.T.cT. ▓▓▓▓▓▓▓▓▓▓▓▓▓▓▓▓▓▓▓▓▓▓▓▓

You could see a frost giant (burning), a deep troll earth mage, a deep troll shaman, a yaktaur, 2 friendly orc knights, a friendly orc sorcerer, the friendly Bladwarg the orc warrior and a friendly orc.

Vanquished Creatures
  A tentacled monstrosity (D)
  A thorn hunter (D)
  A fire giant (D)
  2 emperor scorpions (D)
  A stone giant (D)
  Erolcha (D)
  A hydra (D)
  An entropy weaver (D)
  2 ice dragons (D)
  A rakshasa (D)
  An anaconda (D)
  A tengu warrior (D)
  A deep troll earth mage (D)
  2 deep troll shamans (D)
  A death knight (D)
  4 orc high priests (D)
  A naga sharpshooter (D)
  A spriggan (D)
  Nergalle (D)
  A sea snake (D)
  A shambling mangrove (D)
  3 orc knights (D)
  An ugly thing (D)
  A wizard (D)
  A wolf spider (D)
  A griffon (D)
  2 black mambas (D)
  9 elephants (D)
  A naga mage (D)
  A spiny frog (D)
  3 yaktaurs (D)
  A komodo dragon (D)
  A demonic crawler (D)
  2 jumping spiders (D)
  2 trolls (D)
  4 slime creatures (D)
  A redback (D)
  2 yaks (D)
  A wyvern (D)
  A hungry ghost (D)
  Eustachio (D)
  A mottled dragon (D)
  Grum (D)
  3 hippogriffs (D)
  A naga (D)
  4 water moccasins (D)
  7 orc warriors (D)
  3 wasps (D)
  A sky beast (D)
  A boggart (D)
  3 wolves (D)
  2 crocodiles (D)
  4 giant frogs (D)
  A scorpion (D)
  A wight (D)
  A jelly (D)
  An orc priest (D)
  An adder (D)
  2 adder skeletons (D)
  An orc (D)
  A bat zombie (D)
  A giant cockroach (D)
  2 hobgoblins (D)
  A jackal (D)
  2 kobolds (D)
  A bat (D)
  A jackal zombie (D)
114 creatures vanquished.

Vanquished Creatures (collateral kills)
  Aizul (D)
  A spark wasp (D)
  3 orc high priests (D)
  4 sea snakes (D)
  3 orc knights (D)
  A naga ritualist (D)
  A harpy (D)
  2 manticores (D)
  A griffon (D)
  Maurice (D)
  A black mamba (D)
  A demonic crawler (D)
  An insubstantial wisp (D)
  A naga (D)
  An eye of draining (shapeshifter) (D)
23 creatures vanquished.

Vanquished Creatures (others)
  An orc knight (D)
  2 orc sorcerers (D)
  2 orc high priests (D)
  A swamp drake (D)
  2 orc warriors (D)
  3 orc wizards (D)
  3 orcs (D)
14 creatures vanquished.

Grand Total: 151 creatures vanquished

Notes
Turn   | Place    | Note
--------------------------------------------------------------
     0 | D        | Kidiri the Hill Orc Fighter began the quest for the Orb.
     0 | D        | Reached XP level 1. HP: 19/19 MP: 1/1
    17 | D        | Reached skill level 4 in Fighting
    94 | D        | Noticed a sky beast
    94 | D        | Noticed a jelly
   100 | D        | Reached skill level 1 in Dodging
   100 | D        | Reached XP level 2. HP: 23/28 MP: 2/2
   116 | D        | Killed a sky beast
   116 | D        | Reached skill level 6 in Fighting
   116 | D        | Reached skill level 5 in Long Blades
   116 | D        | Reached skill level 5 in Armour
   116 | D        | Reached skill level 5 in Shields
   116 | D        | Reached XP level 3. HP: 28/37 MP: 3/3
   116 | D        | Reached XP level 4. HP: 34/44 MP: 4/4
   128 | D        | Reached XP level 5. HP: 21/51 MP: 5/5
   134 | D        | Gained mutation: You have a pair of small horns on your head. [mutagenic meat]
   135 | D        | Gained mutation: Your spells are a little harder to cast, but a little more powerful. [mutagenic meat]
   141 | D        | Found a glowing silver altar of Zin.
   141 | D        | Found a glowing golden altar of the Shining One.
   141 | D        | Found an ancient bone altar of Kikubaaqudgha.
   141 | D        | Found a basalt altar of Yredelemnul.
   141 | D        | Found a shimmering altar of Xom.
   141 | D        | Found a radiant altar of Vehumet.
   142 | D        | Found an iron altar of Okawaru.
   143 | D        | Found a burning altar of Makhleb.
   144 | D        | Found a deep blue altar of Sif Muna.
   145 | D        | Found a bloodstained altar of Trog.
   146 | D        | Found a sparkling altar of Nemelex Xobeh.
   147 | D        | Found a white marble altar of Elyvilon.
   148 | D        | Found a roughly hewn altar of Beogh.
   149 | D        | Found a viscous altar of Jiyva.
   150 | D        | Found a corrupted altar of Lugonu.
   151 | D        | Found a blossoming altar of Fedhas.
   152 | D        | Found a snail-covered altar of Cheibriados.
   153 | D        | Found a shadowy altar of Dithmenos.
   154 | D        | Found a stormy altar of Qazlal.
   155 | D        | Found an opulent altar of Gozag.
   158 | D        | Became a worshipper of Beogh the Brigand
   303 | D        | Found a sacrificial altar of Ru.
   304 | D        | Found an oddly glowing altar of Pakellas.
   403 | D        | Noticed a yak
   407 | D        | Killed a yak
   407 | D        | Reached skill level 7 in Fighting
   407 | D        | Reached XP level 6. HP: 43/61 MP: 5/8
   412 | D        | Reached * piety under Beogh
   412 | D        | Reached skill level 8 in Fighting
   422 | D        | Reached ** piety under Beogh
   502 | D        | Noticed a mottled dragon
   502 | D        | Noticed a red ugly thing
   502 | D        | Noticed a troll
   505 | D        | Killed a mottled dragon
   505 | D        | Reached XP level 7. HP: 68/69 MP: 5/10
   515 | D        | Killed a red ugly thing
   515 | D        | Reached skill level 9 in Fighting
   515 | D        | Reached skill level 5 in Invocations
   515 | D        | Reached XP level 8. HP: 49/79 MP: 6/12
   518 | D        | Reached skill level 10 in Fighting
   522 | D        | Killed a troll
   522 | D        | Reached *** piety under Beogh
   534 | D        | Gained mutation: You are partially covered in yellow scales (AC +2). [mutagenic meat]
   535 | D        | Gained mutation: You occasionally shout uncontrollably at your foes. [mutagenic meat]
   807 | D        | Noticed a spiny frog
   807 | D        | Noticed a komodo dragon
   812 | D        | Killed a spiny frog
   812 | D        | Reached skill level 10 in Armour
   812 | D        | Reached skill level 5 in Dodging
   812 | D        | Reached skill level 10 in Shields
   817 | D        | Reached skill level 11 in Fighting
   821 | D        | Reached **** piety under Beogh
   826 | D        | Killed a komodo dragon
   826 | D        | Reached skill level 10 in Long Blades
   826 | D        | Reached XP level 9. HP: 20/89 MP: 14/14
   832 | D        | Reached ***** piety under Beogh
  1000 | D        | Noticed an elephant
  1004 | D        | Reached skill level 12 in Fighting
  1005 | D        | Noticed a six-headed hydra
  1010 | D        | Noticed a griffon
  1021 | D        | Killed an elephant
  1029 | D        | Killed a two-headed hydra
  1029 | D        | Reached XP level 10. HP: 71/100 MP: 16/16
  1031 | D        | Reached ****** piety under Beogh
  1035 | D        | Killed a griffon
  1035 | D        | Reached skill level 13 in Fighting
  1151 | D        | Noticed an elephant
  1151 | D        | Noticed an elephant
  1151 | D        | Noticed an elephant
  1151 | D        | Noticed an elephant
  1151 | D        | Noticed an elephant
  1151 | D        | Noticed an elephant
  1155 | D        | Killed an elephant
  1158 | D        | Killed an elephant
  1169 | D        | Noticed an elephant
  1169 | D        | Killed an elephant
  1173 | D        | Noticed an elephant
  1173 | D        | Killed an elephant
  1177 | D        | Killed an elephant
  1189 | D        | Killed an elephant
  1195 | D        | Killed an elephant
  1195 | D        | Reached skill level 14 in Fighting
  1195 | D        | Reached skill level 10 in Invocations
  1195 | D        | Reached XP level 11. HP: 68/110 MP: 18/18
  1373 | D        | Noticed Grum
  1381 | D        | Killed Grum
  1414 | D        | Noticed Maurice
  1418 | D        | Killed Maurice
  1491 | D        | Gained Bladwarg as an ally
  1493 | D        | Noticed an orc knight
  1765 | D        | Noticed an orc sorcerer
  1784 | D        | Gained Borgoth as an ally
  1835 | D        | Found Aczas's Food Emporium.
  1835 | D        | Noticed an orc knight
  1835 | D        | Noticed an orc high priest
  1835 | D        | Noticed an orc high priest
  1835 | D        | Noticed an orc high priest
  1835 | D        | Noticed an orc knight
  1836 | D        | Noticed a soul eater
  1841 | D        | Noticed an orc high priest
  1849 | D        | Killed an orc high priest
  1856 | D        | Noticed an orc knight
  1858 | D        | Found Nepoe's Book Shoppe.
  1859 | D        | Noticed an orc high priest
  1864 | D        | Noticed a soul eater
  1864 | D        | Found Ongonupu's Gadget Emporium.
  1876 | D        | Noticed an orc high priest
  1887 | D        | Killed an orc high priest
  1889 | D        | Killed an orc knight
  1889 | D        | Killed an orc high priest
  1901 | D        | Killed an orc high priest
  2259 | D        | Found Nieptidgha's Weapon Shoppe.
  2262 | D        | Noticed an orc knight
  2263 | D        | Noticed an orc high priest
  2264 | D        | Noticed an orc high priest
  2265 | D        | Noticed an orc high priest
  2283 | D        | Killed an orc knight
  2283 | D        | Reached skill level 15 in Fighting
  2289 | D        | Noticed a sun demon
  2291 | D        | Killed an orc high priest
  2298 | D        | Killed an orc high priest
  2599 | D        | Noticed Eustachio
  2601 | D        | Noticed Erolcha
  2610 | D        | Killed Erolcha
  2615 | D        | Killed Eustachio
  2823 | D        | Noticed a death knight
  2823 | D        | Noticed a wizard
  2828 | D        | Killed a death knight
  2828 | D        | Reached XP level 12. HP: 122/122 MP: 20/20
  2844 | D        | Gained Grimold as an ally
  2854 | D        | Noticed a rakshasa
  2855 | D        | Noticed an ice dragon
  2856 | D        | Noticed a stone giant
  2857 | D        | Noticed a tengu warrior
  2859 | D        | Noticed a deep troll shaman
  2869 | D        | Killed a rakshasa
  2869 | D        | Reached skill level 16 in Fighting
  2869 | D        | Reached skill level 15 in Armour
  2869 | D        | Reached skill level 15 in Shields
  2870 | D        | Your ally Borgoth died
  2873 | D        | Killed an ice dragon
  2878 | D        | Killed a stone giant
  2878 | D        | Reached skill level 15 in Long Blades
  2897 | D        | Killed a tengu warrior
  2900 | D        | Killed a deep troll shaman
  3256 | D        | Noticed an anaconda
  3265 | D        | Killed an anaconda
  3268 | D        | Noticed a naga sharpshooter
  3284 | D        | Killed a naga sharpshooter
  3284 | D        | Reached skill level 17 in Fighting
  3335 | D        | Noticed an emperor scorpion
  3343 | D        | Killed an emperor scorpion
  3347 | D        | Noticed a spark wasp
  3367 | D        | Killed a spark wasp
  3367 | D        | Reached XP level 13. HP: 115/133 MP: 22/22
  3375 | D        | Noticed an emperor scorpion
  3394 | D        | Killed an emperor scorpion
  3438 | D        | Noticed a thorn hunter
  3447 | D        | Noticed a tentacled monstrosity
  3457 | D        | Killed a thorn hunter
  3468 | D        | Killed a tentacled monstrosity
  3468 | D        | Reached skill level 18 in Fighting
  3621 | D        | Reached skill level 10 in Dodging
  3656 | D        | Noticed Nergalle
  3666 | D        | Killed Nergalle
  3672 | D        | Noticed Aizul
  3679 | D        | Killed Aizul
  3679 | D        | Reached skill level 1 in Evocations
  3842 | D        | Noticed an entropy weaver
  3843 | D        | Noticed an ice dragon
  3847 | D        | Killed an entropy weaver
  3852 | D        | Noticed a fire giant
  3856 | D        | Noticed a frost giant
  3858 | D        | Noticed a vampire knight
  3871 | D        | Killed an ice dragon
  3878 | D        | Your ally Grimold died
  3881 | D        | Killed a fire giant
  3881 | D        | Reached skill level 19 in Fighting
  3882 | D        | Killed from afar by a frost giant

Vault maps used:
D:        linesprint

Skill      XL: |  1  2  3  4  5  6  7  8  9 10 11 12 13 |
---------------+----------------------------------------+-----
Fighting       | 4 6 7 8 9 11 12 14 15 17 19 | 19.0
Long Blades    | 3 5 6 7 8 10 11 12 14 16 17 | 17.6
Armour         | 4 5 7 8 9 10 11 13 14 16 17 | 17.7
Dodging        | 1 2 3 4 5 6 7 8 9 10 | 10.3
Shields        | 4 5 6 7 8 9 10 12 13 14 16 17 | 17.7
Invocations    | 3 4 5 7 8 10 11 13 14 | 14.4
Evocations     | 2 |  2.8

Action                   |  1- 3 |  4- 6 |  7- 9 | 10-12 | 13-15 || total
-------------------------+-------+-------+-------+-------+-------++-------
Melee: Long sword        |    38 |    12 |       |       |       ||    50
       Scimitar          |       |    21 |    75 |   285 |   122 ||   503
       Headbutt          |       |     3 |    12 |    71 |    35 ||   121
Invok: Smiting           |       |     1 |       |    10 |     3 ||    14
  Use: Potion            |     1 |       |     1 |     6 |     1 ||     9
       Scroll            |       |       |       |     1 |       ||     1
 Stab: Distracted        |       |       |       |     1 |     3 ||     4
       Confused          |       |       |       |       |     1 ||     1
  Eat: Chunk             |       |     2 |     4 |     2 |       ||     8
       Fruit             |       |       |       |    17 |       ||    17
Armor: Scale mail        |    22 |     4 |       |       |       ||    26
       Ring mail         |       |     4 |    19 |    13 |       ||    36
       Plate armour      |       |       |       |    44 |    34 ||    78
Dodge: Dodged            |     6 |    10 |    29 |    44 |    26 ||   115
Block: Shield            |    15 |    11 |    36 |    82 |       ||   144
       Large shield      |       |       |       |    90 |   107 ||   197
